cohdb
Replays
Latest Replays
All Replays
Popular Replays
Top Player Replays
Match Explorer
How It Works
Community
CoH3 Stats
Reddit
Sign in to upload your games and track your stats! →
Sign in with Steam
Match 20360122
Unlisted
Match 20360122
Overview
Messages
Build Orders
End
Kradschützen Motorcycle Team
Construct Light Support Kompanie
Assault Grenadier Squad
Assault Grenadier Squad
Panzerjäger Squad
Assault Grenadier Squad
Panzerjäger Mechanized Group
Fire Support Elements
Selects Armored Support Battlegroup
Selects Veteran Gunners
Selects Flammpanzer III Medium Tank Sd.Kfz. 141
Flammpanzer III Medium Tank
Construct Panzerarmee Kommand
Selects Command Panzer IV F Medium Tank
Command Panzer IV F Medium Tank
Armored Reserves
2.5-tonne Medical Truck
Selects Salvage Kits
Panzer IV Assault Group
Tungsten Core Ammunition
vampvenom
MeGBill
ShootToThrill
MonoChrome
0
0
Comments
sign in to comment!
No comments posted yet!